 Dungeon Crawl Stone Soup version 0.14-a0-1403-g5d3c58f (webtiles) character file.

333 PolkaDot the Skirmisher (level 5, -2/41 (42) HPs)
             Began as a Vampire Death Knight on Dec 10, 2013.
             Was a Believer of Yredelemnul.
             Slain by a worker ant (7 damage)
             ... on Level 4 of the Dungeon.
             The game lasted 00:09:38 (2416 turns).

PolkaDot the Skirmisher (Vampire Death Knight)      Turns: 2416, Time: 00:09:38

HP  -2/41 (42)   AC  3     Str 12      XL: 5   Next: 16%
MP   6/6         EV 10     Int 11      God: Yredelemnul [**....]
Gold 175         SH  0     Dex 13 (14) Spells:  0 memorised,  4 levels left

rFire  + . .     SeeInvis +     k - +2,+0 elf cutlass
rCold  + . .     Clarity  .     b - +0 leather armour
rNeg   + . .     Conserve .     (no shield)
rPois  +         rCorr    .     (no helmet)
rElec  +         rRot     .     (no cloak)
SustAb . .       Spirit   .     (no gloves)
rMut   .         Warding  .     (no boots)
Saprov . . .     RndTele  +     (no amulet)
                                g - cursed ring of teleportation
                                d - cursed -2 ring of intelligence

@: slightly resistant to hostile enchantments, very unstealthy
A: fangs 3, see invisible, unbreathing
a: Bat Form, Animate Remains, Recall Undead Slaves, Injury Mirror, Renounce
Religion, Evoke Teleportation


You were on level 4 of the Dungeon.
You worshipped Yredelemnul.
Yredelemnul was pleased with you.
You were not thirsty.

You visited 1 branch of the dungeon, and saw 4 of its levels.

You collected 175 gold pieces.

Inventory:

Hand weapons
 k - a +2,+0 elven cutlass (weapon)
Armour
 b - a +0 leather armour (worn)
 c - a +0 elven ring mail
Magical devices
 l - a wand of paralysis (0)
Scrolls
 o - a scroll of magic mapping
Jewellery
 d - a cursed -2 ring of intelligence (left hand)
 e - an uncursed ring of positive energy {unknown}
 g - a cursed ring of teleportation (right hand)
 i - a +3 ring of strength
 m - a +3 ring of intelligence
Potions
 f - a potion of cure mutation
 h - a potion of berserk rage


   Skills:
 * Level 4.1 Fighting
 + Level 3.8 Short Blades
 - Level 0.7 Armour
 - Level 1.1 Dodging
 - Level 2.4 Invocations


You had 4 spell levels left.
You didn't know any spells.

Dungeon Overview and Level Annotations

Branches:
Dungeon (4/16)
 Temple: D:4-7

Altars:
Elyvilon


Innate Abilities, Weirdness & Mutations

You have razor-sharp teeth.*
You have supernaturally acute eyesight.
You can survive without breathing.*


Message History

* * * LOW HITPOINT WARNING * * *
You hit the worker ant.
The worker ant is moderately wounded.
The worker ant barely misses you.
You hit the worker ant. You bite the worker ant.
The worker ant is heavily wounded.
The worker ant bites you but does no damage.
You barely miss the worker ant.
The worker ant is heavily wounded.
The worker ant bites you.
* * * LOW HITPOINT WARNING * * *
You barely miss the worker ant. You bite the worker ant.
The worker ant is heavily wounded.
The worker ant bites you.
* * * LOW HITPOINT WARNING * * *
You hit the worker ant.
The worker ant is almost dead.
The worker ant bites you!
You die...
Yredelemnul claims you as an undead slave.

###########
#.@a.......
#.#########
#.# #.# #.#
#.#######
#.#
#......<.
#.#
#########
#.#####.#
#....)..#


You could see a worker ant.

Vanquished Creatures
  A phantom (D:3)
  Ijyb (D:3)
  5 giant cockroaches
  2 hobgoblins
  3 jackals (D:1)
  A quokka (D:4)
  2 ball pythons (D:3)
  3 giant newts
  3 goblins
  6 kobolds
  7 rats
34 creatures vanquished.

Vanquished Creatures (collateral kills)
  An adder (D:2)
  A worm (D:3)
  An orc (D:2)
  A ball python (D:2)
4 creatures vanquished.

Vanquished Creatures (others)
  A giant cockroach zombie (D:2)
  A hobgoblin skeleton (D:3)
  A kobold zombie (D:2)
  A quokka skeleton (D:4)
4 creatures vanquished.

Grand Total: 42 creatures vanquished

Notes
Turn   | Place    | Note
--------------------------------------------------------------
     0 | D:1      | PolkaDot, the Vampire Death Knight, began the quest for the Orb.
     0 | D:1      | Reached XP level 1. HP: 16/16 MP: 1/1
   140 | D:1      | Reached XP level 2. HP: 2/23 MP: 2/2
   894 | D:2      | Acquired Yredelemnul's second power
  1221 | D:2      | Found a white marble altar of Elyvilon.
  1336 | D:2      | Reached XP level 3. HP: 28/28 MP: 4/4
  1431 | D:3      | Somebody: Now my rc file is readable.
  1432 | D:3      | PolkaDot: :D
  1432 | D:3      | Somebody: http://crawl.lantea.net/crawl/rcfiles/crawl-git/Somebody.rc
  1432 | D:3      | Somebody: Take a look at your leisure.
  1432 | D:3      | PolkaDot: will do
  1436 | D:3      | Noticed Ijyb
  1436 | D:3      | Paralysed by Ijyb for 5 turns
  1450 | D:3      | Gained mutation: Armour fits poorly on your strangely shaped body. [potion of mutation]
  1451 | D:3      | Somebody: If our tastes are anything alike and I think they are, you can try using it for a while and tell me what you think.
  1465 | D:3      | Reached skill level 3 in Fighting
  1468 | D:3      | PolkaDot: I'll be taking some things from it, certainly
  1657 | D:3      | Noticed a phantom
  1677 | D:3      | Killed a phantom
  1677 | D:3      | Reached skill level 4 in Fighting
  1677 | D:3      | Reached XP level 4. HP: 17/36 MP: 5/5
  1912 | D:3      | Somebody: I don't think I have added many lines that can be disliked easily.
  1914 | D:3      | PolkaDot: a little good sense is all it is :)
  1915 | D:3      | Reached XP level 5. HP: 39/41 MP: 6/6
  2038 | D:3      | Paralysed by Ijyb for 5 turns
  2046 | D:3      | Paralysed by Ijyb for 4 turns
  2071 | D:3      | Killed Ijyb
  2314 | D:4      | Somebody: Exactly.
  2324 | D:4      | Lost mutation: Armour fits poorly on your strangely shaped body. [potion of cure mutation]
  2416 | D:4      | Slain by a worker ant

Action                   |  1- 3 |  4- 6 || total
-------------------------+-------+-------++-------
Melee: Short sword       |    98 |    39 ||   137
       Cutlass           |       |     9 ||     9
Invok: Animate Remains   |     7 |     1 ||     8
       Recall Undead Sla |     1 |       ||     1
  Use: Potion            |     7 |     4 ||    11
       Scroll            |     8 |     1 ||     9
